 Dungeon Crawl Stone Soup version 0.30-a0-883-g5ad918d77d (webtiles) character file.

Game seed: 7061228172943300560

10125 jasper the Cruncher (level 11, 0/87 HPs)
             Began as a Demonspawn Gladiator on Mar 16, 2023.
             Was a High Priest of Trog.
             Killed by divine providence
             ... invoked by an orc high priest
              (16 damage)
             ... on level 1 of the Orcish Mines.
             The game lasted 00:18:19 (10533 turns).

jasper the Cruncher (Demonspawn Gladiator)         Turns: 10533, Time: 00:18:20

Health: 0/87       AC: 13    Str: 20    XL:     11   Next: 32%
Magic:  11/11      EV: 12    Int: 13    God:    Trog [*****.]
Gold:   261        SH:  0    Dex: 16    Spells: 10/10 levels left

rFire   + . .      SeeInvis .    E - +2 lajatang (elec)
rCold   + . .      Faith    +    (shield currently unavailable)
rNeg    . . .      Spirit   .    A - +1 ring mail {rC+}
rPois   +          Reflect  .    c - +1 helmet
rElec   .          Rampage  .    k - +0 cloak
rCorr   .                        g - +0 pair of gloves
Will    .....                    q - +0 pair of boots
Stlth   +                        B - amulet of Iluveg {Faith Dex+2 Slay+5}
HPRegen 0.34/turn                H - ring of protection from fire
MPRegen 0.12/turn                j - ring of poison resistance

@: no status effects
A: powered by pain 3, big brain 2, weakness stinger 2
a: Renounce Religion, Berserk, Trog's Hand, Brothers in Arms


You were on level 1 of the Orcish Mines.
You worshipped Trog.
Trog was extremely pleased with you.
You visited 2 branches of the dungeon, and saw 12 of its levels.

You collected 563 gold pieces.
You spent 302 gold pieces at shops.

Inventory:

Hand Weapons
 a - a +1 quarterstaff of venom
 E - a +2 lajatang of electrocution (weapon)
Missiles
 d - 4 throwing nets
 e - a javelin
 x - 10 curare-tipped darts
 D - a boomerang (quivered)
Armour
 b - a +0 leather armour
 c - a +1 helmet (worn)
 g - a +0 pair of gloves (worn)
 k - a +0 cloak (worn)
 q - a +0 pair of boots (worn)
 y - a +0 chain mail
 A - a +1 ring mail of cold resistance (worn)
Jewellery
 j - a ring of poison resistance (right hand)
 n - a +6 ring of strength
 v - a ring of flight
 w - a ring of protection from cold
 B - the amulet of Iluveg (around neck) {Faith Dex+2 Slay+5}
   (You bought it in a shop on level 5 of the Dungeon)

   [amulet of faith]

   It allows you to gain divine favour quickly.
   Dex:       It affects your dexterity (+2).
   Slay:      It affects your accuracy & damage with ranged weapons and melee
   (+5).
 H - a ring of protection from fire (left hand)
Wands
 o - a wand of polymorph (14)
 t - a wand of flame (15)
 C - a wand of paralysis (13)
Scrolls
 u - 6 scrolls of teleportation
 G - a scroll of blinking
 I - a scroll of fear
 K - a scroll of enchant armour
Potions
 f - 4 potions of attraction
 h - 9 potions of curing
 i - a potion of resistance
 l - 3 potions of lignification
 m - 4 potions of brilliance
 p - a potion of flight
 r - 3 potions of heal wounds
 s - a potion of mutation
 z - 2 potions of ambrosia
 F - a potion of haste {unknown}
 J - 2 potions of might {unknown}
Miscellaneous
 L - a box of beasts (inert)


   Skills:
 + Level 8.4 Fighting
 * Level 12.9 Staves
 - Level 1.7 Throwing
 + Level 7.3 Armour
 - Level 2.6 Dodging


You had 10 spell levels left.
You didn't know any spells.
Your spell library was empty.

Dungeon Overview and Level Annotations

Branches:
Dungeon (11/15)            Temple (0/1) D:4             Orc (1/2) D:9
   Lair: D:8-11

Altars:
Kikubaaqudgha
Nemelex Xobeh
Qazlal
Sif Muna
Trog
Xom

Shops:
D:5 *   D:10 [

Annotations:
D:10 1 runed translucent door, Firecrotchwizard's ghost, journeyman TrFi
D:11 Psyche


Innate Abilities, Weirdness & Mutations

You are powered by pain.
You have an extremely huge brain. (Int +4)
You have a tail ending in a sharp stinger.


Message History

You regained 4 hp, and now have 26/87 hp.
Items here: )) [[ †.
Okay, then.
There is a staircase to the Orcish Mines, spattered with blood here.
Items here: )) [[ ††.
There is a staircase to the Orcish Mines, spattered with blood here.
Things that are here:
a +0 hand axe; a +0 plate armour; an orc corpse
There is a staircase to the Orcish Mines, spattered with blood here.
You start resting.
You feel a little less mighty now.
You regained 5 hp, and now have 33/87 hp.
You start resting.
HP restored.
Health restored: 87 You climb downwards.
Welcome back to the Orcish Mines!
The orc shouts! x2; The troll shouts!
The ogre shouts!
The orc high priest calls down the wrath of Beogh upon you.
Beogh smites you!
The orc priest calls down the wrath of Beogh upon you.
Beogh smites you!
The orc warrior hits you from afar with a +0 glaive!
The troll closely misses you. The troll barely misses you.
The troll closely misses you. The troll bites you.
The troll closely misses you. The troll claws you. The troll misses you.
The troll claws you! The troll closely misses you.
The orc warrior hits you from afar with a +0 glaive.
There is a staircase back to the Dungeon, spattered with blood here.
You take 46 damage, and have 41/87 hp.
MASSIVE DAMAGE!!
The troll bites you! The troll completely misses you.
The troll claws you but does no damage.
The orc sorcerer howls an incantation.
The orc sorcerer glows brightly for a moment.
The orc warrior hits you from afar with a +0 glaive!
* * * LOW HITPOINT WARNING * * *
The troll misses you. The troll completely misses you. The troll claws you.
* * * LOW HITPOINT WARNING * * *
The orc high priest mumbles some strange prayers to Beogh against you.
Beogh smites you!
You die...

....... ##.
......$# #..#
##.....##...
.....$..#..
o..O....#
oo.o..# . ##
#....##
..#.###.@...##.
>......TT.......
.....o..##......
###..o.o# #....#
#..o..$# ..^.#
#.o..#...# ..##
.o####...# ## .
#.... ..$.#.


You could see an orc high priest, 2 trolls, an orc sorcerer, 3 orc warriors, an
ogre, 2 orc priests and 3 orcs.

Vanquished Creatures
  2 two-headed ogres (D:9)
  Pikel (D:4)
  An orc knight (D:9)
  A manticore (D:11)
  3 trolls
  3 hornets (D:9)
  Prince Ribbit (D:8)
  Sigmund (D:5)
  2 shadows (D:10)
  9 yaks
  Eustachio (D:6)
  2 steam dragons
  2 water moccasins
  5 orc warriors
  2 black bears
  A sky beast (D:7)
  An ogre (D:4)
  5 centaurs
  A lemure (D:4)
  4 phantoms
  A kobold brigand (D:9)
  4 bullfrogs
  A gnoll sergeant (D:7)
  4 scorpions
  8 wights
  A howler monkey (D:4)
  A hound (D:5)
  4 orc priests
  A gnoll bouda (D:6)
  3 jellies
  A sleepcap (D:7)
  Jessica (D:3)
  2 iguanas (D:5)
  11 orc wizards
  Robin (D:2)
  8 adders
  11 gnolls
  A shadow imp (D:8)
  A white imp (D:7)
  A worm (D:2)
  2 dart slugs
  25 orcs
  3 endoplasms
  3 giant cockroaches
  12 goblins
  11 hobgoblins
  3 jackals (D:3)
  9 kobolds
  4 quokkas
  12 ball pythons
  5 bats
  5 frilled lizards
  5 rats
213 creatures vanquished.

Vanquished Creatures (collateral kills)
  A manticore (D:11)
1 creature vanquished.

Vanquished Creatures (others)
  A quokka (D:9)
1 creature vanquished.

Grand Total: 215 creatures vanquished

Notes
Turn   | Place    | Note
-------+----------+-------------------------------------------
     0 | D:1      | jasper the Demonspawn Gladiator began the quest for the
                  | Orb.
     0 | D:1      | Reached XP level 1. HP: 16/16 MP: 1/1
    25 | D:1      | Found a faded altar of an unknown god.
    38 | D:1      | Prayed at the altar of an unknown god.
    38 | D:1      | Became a worshipper of Trog the Wrathful
    38 | D:1      | Reached * piety under Trog
    58 | D:1      | Reached skill level 3 in Staves
   124 | D:1      | Gained mutation: You have an unusually large brain. (Int
                  | +2) [demonic ancestry]
   124 | D:1      | Reached XP level 2. HP: 22/22 MP: 2/2
   397 | D:1      | Reached ** piety under Trog
   424 | D:1      | Gained mutation: You sometimes gain a little power by
                  | taking damage. [demonic ancestry]
   424 | D:1      | Reached XP level 3. HP: 24/27 MP: 3/3
   811 | D:2      | Reached skill level 4 in Staves
  1033 | D:2      | Noticed Robin
  1057 | D:2      | Killed Robin
  1166 | D:2      | Gained mutation: You sometimes gain power by taking damage.
                  | [demonic ancestry]
  1166 | D:2      | Reached XP level 4. HP: 26/33 MP: 4/4
  1944 | D:3      | Reached skill level 5 in Staves
  2224 | D:3      | Gained mutation: You have a small tail. [demonic ancestry]
  2224 | D:3      | Reached XP level 5. HP: 37/38 MP: 5/5
  2482 | D:3      | Found an ancient bone altar of Kikubaaqudgha.
  2496 | D:3      | Noticed Jessica
  2506 | D:3      | Killed Jessica
  2674 | D:3      | Reached skill level 6 in Staves
  2855 | D:4      | Noticed an ogre
  2896 | D:4      | Reached XP level 6. HP: 44/44 MP: 6/6
  2942 | D:5      | Entered Level 5 of the Dungeon
  3045 | D:5      | Reached skill level 7 in Staves
  3187 | D:5      | Gained mutation: You have a tail ending in a sharp stinger.
                  | [demonic ancestry]
  3187 | D:5      | Reached XP level 7. HP: 50/50 MP: 7/7
  3345 | D:5      | Found a sparkling altar of Nemelex Xobeh.
  3439 | D:5      | Noticed Sigmund
  3452 | D:5      | Killed Sigmund
  3453 | D:5      | Reached skill level 8 in Staves
  3453 | D:5      | Reached skill level 1 in Armour
  3620 | D:5      | Found Licwa's Assorted Antiques.
  3628 | D:5      | Bought a clouded garnet amulet for 95 gold pieces
  3628 | D:5      | Identified the amulet of Iluveg {Faith Dex+2 Slay+5} (You
                  | bought it in a shop on level 5 of the Dungeon)
  3628 | D:5      | Bought a potion of curing for 57 gold pieces
  3671 | D:5      | Reached XP level 8. HP: 43/58 MP: 8/8
  4098 | D:6      | Noticed Eustachio
  4125 | D:6      | Killed Eustachio
  4206 | D:6      | Reached *** piety under Trog
  4219 | D:6      | Reached skill level 9 in Staves
  5244 | D:7      | Gained mutation: You have an extremely huge brain. (Int +4)
                  | [demonic ancestry]
  5244 | D:7      | Reached XP level 9. HP: 58/66 MP: 9/9
  5328 | D:7      | Reached skill level 5 in Fighting
  5379 | D:7      | Found a stormy altar of Qazlal.
  5490 | D:7      | Reached skill level 10 in Staves
  6380 | D:4      | Reached **** piety under Trog
  6388 | D:4      | Noticed Pikel
  6396 | D:4      | Killed Pikel
  6519 | D:4      | You fall into a shaft and drop 2 floors!
  6645 | D:4      | Found a staircase to the Ecumenical Temple.
  6928 | D:5      | Bought a scroll labelled QOEBIX EMICEO for 19 gold pieces
  6928 | D:5      | Bought a puce potion for 17 gold pieces
  6928 | D:5      | Bought a scroll labelled MOOMEH NOLES for 19 gold pieces
  6928 | D:5      | Bought a sapphire ring for 95 gold pieces
  6931 | D:5      | Acquired a +0 lajatang of electrocution
  7019 | D:8      | Reached skill level 5 in Armour
  7130 | D:8      | Noticed Prince Ribbit
  7135 | D:8      | Killed Prince Ribbit
  7332 | D:8      | Reached skill level 11 in Staves
  7817 | D:9      | Noticed a troll
  7820 | D:8      | Reached XP level 10. HP: 64/77 MP: 10/10
  8134 | D:9      | Noticed a two-headed ogre
  8158 | D:9      | Killed a two-headed ogre
  8253 | D:9      | Found a shimmering blue altar of Sif Muna.
  8255 | D:9      | Found a shimmering altar of Xom.
  8303 | D:9      | Noticed a two-headed ogre
  8324 | D:9      | Killed a two-headed ogre
  8545 | D:9      | Reached skill level 12 in Staves
  8592 | D:9      | Found a staircase to the Orcish Mines.
  8771 | D:9      | Reached ***** piety under Trog
  9110 | D:10     | Entered Level 10 of the Dungeon
  9172 | D:10     | Found a runed translucent door.
  9267 | D:10     | Noticed Firecrotchwizard's ghost (journeyman TrFi)
  9292 | D:10     | Gained mutation: You are powered by pain. [demonic
                  | ancestry]
  9292 | D:10     | Reached XP level 11. HP: 74/86 MP: 11/11
  9434 | D:10     | Found Kadoskeg's Antique Armour Shoppe.
 10146 | D:11     | Noticed Psyche
 10199 | Orc:1    | Entered Level 1 of the Orcish Mines
 10203 | Orc:1    | Noticed an orc high priest
 10208 | Orc:1    | Noticed an orc knight
 10213 | Orc:1    | Noticed an orc sorcerer
 10308 | D:9      | Killed an orc knight
 10533 | Orc:1    | Killed from afar by an orc high priest

Illustrated notes

Levels and vault maps discovered:
D:1:      dpeg_arrival_rooms_c, layout_rooms, basic_ecumenical_altar,
          grunt_decor_one_mirror
D:2:      layout_basic, uniq_robin
D:3:      layout_basic, kiku_gazebo_pond_becter, uniq_jessica
D:4:      layout_loops_ring, minmay_temple_entry_glassed_door, uniq_pikel
D:5:      layout_basic, lemuel_tele_altar, serial_shops, nicolae_stop_n_shop_2,
          uniq_sigmund
D:6:      layout_layer_cave, uniq_eustachio
D:7:      layout_basic, mainiacjoe_overflow_brackets
D:8:      layout_loops_ring, uniq_prince_ribbit1
D:9:      layout_loops_ring, elyvilon_altar_4, jmf_multi_god_temple, orc_0_dummy
D:10:     layout_loops_cross, serial_shops,
          nicolae_shop_temple_entry_statues_fountains,
          ebering_ghost_reflecting_pool, corexii_checkpoint_a
D:11:     layout_cave_pools, david_lair_generic, small_chamber_with_monster,
          uniq_psyche, uniq_sonja, uniq_snorg
Orc:1:    cheibrodos_orc_bank, layout_diamond_mine, kennysheep_orc_sif_temple,
          uniq_erica

Skill      XL: |  1  2  3  4  5  6  7  8  9 10 11 |
---------------+----------------------------------+-----
Staves         | 3 4 5 6 7 8 9 11 12 | 12.9
Armour         | 2 3 5 6 7 |  7.3
Fighting       | 3 4 6 7 8 |  8.4
Throwing       | |  1.7
Dodging        | |  2.6

Action                     |  1- 3 |  4- 6 |  7- 9 | 10-12 || total
---------------------------+-------+-------+-------+-------++-------
  Melee: Quarterstaff      |   117 |    81 |   145 |       ||   343
         Tailslap          |       |     5 |    28 |    15 ||    48
         Lajatang          |       |       |    29 |   113 ||   142
  Throw: Stone             |     1 |       |    58 |       ||    59
         Boomerang         |     2 |    46 |    26 |    39 ||   113
         Throwing net      |     2 |       |     1 |       ||     3
         Javelin           |     1 |       |       |       ||     1
         Dart              |       |       |       |     4 ||     4
 Invoke: Berserk           |       |     3 |       |     2 ||     5
         Trog's Hand       |       |     1 |     2 |       ||     3
  Evoke: Wand              |       |     2 |     1 |     1 ||     4
         Box of beasts     |       |       |       |     1 ||     1
    Use: Scroll            |     2 |     4 |    15 |     4 ||    25
         Potion            |     2 |       |       |       ||     2
   Stab: Paralysed         |       |       |     3 |     2 ||     5
 Armour: Leather armour    |    44 |    33 |     4 |       ||    81
         Chain mail        |       |       |     9 |       ||     9
         Ring mail         |       |       |    49 |    49 ||    98
  Dodge: Dodged            |    89 |    43 |    67 |    66 ||   265

Table legend: (Time is in decaauts)
 A = Elapsed time spent in this place.
 B = Non-inter-level travel time spent in this place.
 C = Inter-level travel time spent in this place.
 D = Time resting spent in this place.
 E = Time spent auto-exploring this place.
 F = Levels seen in this place.
 G = Mean time per level.
                   A        B        C        D        E       F      G
               +--------+--------+--------+--------+--------+-----+--------+
         Total |  10584 |   9608 |    976 |   1363 |   6605 |  12 |  882.0 |
       Dungeon |  10566 |   9591 |    975 |   1363 |   6605 |  11 |  960.5 |
  Orcish Mines |     18 |     18 |      0 |      0 |      0 |   1 |   18.0 |
               +--------+--------+--------+--------+--------+-----+--------+

Top non-repeatable levels by time:
     D:9: 1454 daAuts
     D:3: 1371 daAuts
     D:6: 1305 daAuts
     D:5: 1106 daAuts
     D:8: 1091 daAuts
     D:7: 981 daAuts
     D:2: 876 daAuts
    D:10: 798 daAuts
     D:1: 707 daAuts
     D:4: 679 daAuts
    D:11: 192 daAuts
   Orc:1: 18 daAuts
